 Dungeon Crawl Stone Soup version 0.29-a0-920-g5d2155ec51 (webtiles) character file.

Game seed: 14655989677010487062

18 Conn the Firebug (level 2, -4/17 HPs)
             Began as an Octopode Fire Elementalist on July 27, 2022.
             Slain by Robin
             ... wielding a +4 vampiric spear
              (5 damage)
             ... on level 2 of the Dungeon.
             The game lasted 00:02:17 (976 turns).

Conn the Firebug (Octopode Fire Elementalist)        Turns: 976, Time: 00:02:17

Health: -4/17      AC:  1    Str:  7    XL:     2   Next: 66%
Magic:  1/5        EV: 13    Int: 17    God:
Gold:   35         SH:  0    Dex: 12    Spells: 5/6 levels left

rFire   . . .      SeeInvis .   f - +0 short sword
rCold   . . .      Faith    .   (no shield)
rNeg    . . .      Spirit   .   (helmet restricted)
rPois   .          Reflect  .   (no amulet)
rElec   .          Harm     .   (no ring)
rCorr   .          Rampage  .   (no ring)
Will    .....                   (no ring)
Stlth   +++.......              (no ring)
HPRegen 0.05/turn               (no ring)
MPRegen 0.09/turn               (no ring)
                                (no ring)
                                (no ring)

@: no status effects
A: almost no armour, amphibious, 8 rings, camouflage 1, gelatinous body 1,
(nimble swimmer 1), tentacles
a: no special abilities


You were on level 2 of the Dungeon.
You visited 1 branch of the dungeon, and saw 2 of its levels.

You collected 35 gold pieces.

Inventory:

Hand Weapons
 f - a +0 short sword (weapon)
Missiles
 g - 4 atropa-tipped darts
Scrolls
 b - 3 scrolls of identify {unknown}
 c - 2 scrolls of teleportation {unknown}
 e - a scroll of enchant weapon {unknown}
 i - a scroll of magic mapping {unknown}
Potions
 a - a potion of magic


   Skills:
 + Level 2.0 Dodging
 + Level 2.7 Stealth
 + Level 2.5 Spellcasting
 + Level 1.0 Conjurations
 + Level 3.4 Fire Magic


You had 5 spell levels left.
You knew the following spells:

 Your Spells              Type           Power      Damage    Failure   Level
a - Foxfire               Conj/Fire      36%        2x1d5     8%          1

Your spell library contained the following spells:

 Spells                   Type           Power      Damage    Failure   Level
 Scorch                   Fire           26%        2d6       7%          2
 Conjure Flame            Conj/Fire      9%         6-21      22%         3
 Inner Flame              Hex/Fire       8%         N/A       26%         3
 Flame Wave               Conj/Fire      9%         2d6       58%         4


Dungeon Overview and Level Annotations

Branches:
Dungeon (2/15)

Altars:

Shops:
D:1 !

Annotations:
D:2 Robin


Innate Abilities, Weirdness & Mutations

You cannot wear most types of armour.
You are amphibious.
You can wear up to eight rings at the same time.
Your skin changes colour to match your surroundings (Stealth+).
Your rubbery body absorbs attacks. (AC +1, EV +1)
((You are camouflaged when in or above water. (Stealth+)))
You have tentacles for arms and can constrict up to eight enemies at once.


Message History

The foxfire hits Robin but does no damage.
Robin is lightly wounded.
Unknown command.
Casting: Foxfire (safe; 8% risk of failure)
Confirm with . or Enter, or press ? or * to list all spells.
You conjure some foxfire!
Unknown command.
The foxfire hits Robin.
Robin is moderately wounded.
The foxfire hits Robin.
Robin is heavily wounded.
Unknown command.
Robin roars a battlecry!
You hear a shout!
A goblin comes into view. It is wielding a +0 dagger.
Casting: Foxfire (safe; 8% risk of failure)
Confirm with . or Enter, or press ? or * to list all spells.
You conjure some foxfire!
Unknown command.
The foxfire hits the goblin.
You kill the goblin!
The foxfire hits Robin.
Robin is severely wounded.
A goblin comes into view. It is wielding a +0 club.
Robin roars a battlecry!
The goblin goes into a battle-frenzy!
The goblin barely misses you.
You barely miss the goblin. Your grab misses the goblin.
The goblin hits you with a +0 club!
You completely miss the goblin. Your grab misses the goblin. Robin misses you.
The goblin hits you with a +0 club.
* * * LOW HITPOINT WARNING * * *
It was a potion of cancellation.
You feel magically purged. Robin barely misses you.
The goblin hits you with a +0 club.
* * * LOW HITPOINT WARNING * * *
As you read the scroll labelled REXUNWE XEICSOGO, it crumbles to dust.
The creatures around you are filled with an inner flame!
It was a scroll of immolation.
Robin hits you from afar with a +4 vampiric spear.
You die...

## .# ########.#
g.)g.....#
#######))# #..#
########..###
#..g.@g.....#
#.######..#.#
###.#####...#.#
#...........#.#
......#.#####...#.#
#######.# #.>.#.#
####.######..#.#
#..............#
#####.#.#.#####..###


You could see Robin (inner flame) and a goblin (inner flame, strong).

Vanquished Creatures
  An endoplasm (D:2)
  A giant cockroach (D:1)
  10 goblins
  A hobgoblin (D:1)
13 creatures vanquished.

Vanquished Creatures (others)
  30 foxfires
  4 toadstools (D:1)
34 creatures vanquished.

Grand Total: 47 creatures vanquished

Notes
Turn   | Place    | Note
-------+----------+-------------------------------------------
     0 | D:1      | Conn the Octopode Fire Elementalist began the quest for the
                  | Orb.
     0 | D:1      | Reached XP level 1. HP: 11/11 MP: 3/3
    26 | D:1      | Found a faded altar of an unknown god.
   720 | D:1      | Found Bing's Distillery.
   855 | D:2      | Reached XP level 2. HP: 17/17 MP: 1/5
   920 | D:2      | Identified the +2 helmet of Ru, Devouring {+Blink rElec rN+
                  | Will-}
   920 | D:2      | Noticed Robin
   976 | D:2      | Slain by Robin

Illustrated notes

Levels and vault maps discovered:
D:1:      ldierk_walled_garden_2, layout_basic, serial_shops,
          nicolae_lakefront_shop, ebering_ecumenical_altar_abandoned
D:2:      layout_loops_ring, uniq_natasha, uniq_sigmund, uniq_robin

Action                   || total
-------------------------++-------
Melee: Short sword       ||     5
 Cast: Foxfire           ||    18
  Use: Scroll            ||     1
       Potion            ||     1
 Stab: Sleeping          ||     1
Armor: Skin              ||     1
Dodge: Dodged            ||     7

Table legend: (Time is in decaauts)
 A = Elapsed time spent in this place.
 B = Non-inter-level travel time spent in this place.
 C = Inter-level travel time spent in this place.
 D = Time resting spent in this place.
 E = Time spent auto-exploring this place.
 F = Levels seen in this place.
 G = Mean time per level.
                   A        B        C        D        E       F      G
               +--------+--------+--------+--------+--------+-----+--------+
         Total |    975 |    904 |     71 |      0 |    664 |   2 |  487.5 |
       Dungeon |    975 |    904 |     71 |      0 |    664 |   2 |  487.5 |
               +--------+--------+--------+--------+--------+-----+--------+

Top non-repeatable levels by time:
     D:1: 840 daAuts
     D:2: 135 daAuts
